 Dungeon Crawl Stone Soup version 0.27.0 (webtiles) character file.

Game seed: 12097763199242565383

1223 hawla the Reanimator (level 8, -4/44 HPs)
             Began as a Deep Elf Necromancer on July 31, 2021.
             Was an Initiate of Vehumet.
             Slain by a sky beast (5 damage)
             ... on level 6 of the Dungeon.
             The game lasted 00:23:50 (7023 turns).

hawla the Reanimator (Deep Elf Necromancer)         Turns: 7023, Time: 00:23:50

Health: -4/44      AC:  3    Str:  5    XL:     8   Next: 23%
Magic:  5/19       EV: 13    Int: 28    God:    Vehumet [......]
Gold:   163        SH:  0    Dex: 15    Spells: 10/19 levels left

rFire    + . .     SeeInvis .   f - staff of earth
rCold    . . .     Faith    .   (no shield)
rNeg     . . .     Spirit   .   a - +0 robe
rPois    .         Reflect  .   (no helmet)
rElec    .         Harm     .   (no cloak)
rCorr    .         Rampage  .   b - +0 pair of gloves
Will     .....                  (no boots)
Stlth    +++.......             c - amulet "Gymeinol" {Regen+ Int+5}
HPRegen  1.14/turn              (no ring)
MPRegen  0.16/turn              (no ring)

@: no status effects
A: talons 1, fire resistance 1
a: Renounce Religion


You were on level 6 of the Dungeon.
You worshipped Vehumet.
Vehumet was noncommittal.
You visited 2 branches of the dungeon, and saw 7 of its levels.

You collected 163 gold pieces.

Inventory:

Missiles
 g - 23 poisoned darts
 i - 6 javelins
Armour
 a - a +0 robe (worn)
 b - a +0 pair of gloves (worn)
Magical Staves
 f - a staff of earth (weapon)
Jewellery
 c - the amulet "Gymeinol" (around neck) {Regen+ Int+5}
   (You acquired it on level 2 of the Dungeon)

   [amulet of regeneration]

   Int:       It affects your intelligence (+5).
   Regen:     It increases your rate of health regeneration.
Wands
 j - a wand of charming (7)
Scrolls
 e - a scroll of brand weapon
Potions
 l - 3 potions of flight
 n - a potion of cancellation


   Skills:
 + Level 2.2 Fighting
 + Level 1.9 Staves
 + Level 4.2 Dodging
 + Level 4.6 Stealth
 + Level 6.0 Spellcasting
 + Level 9.4 Necromancy
 + Level 1.5 Evocations


You had 10 spell levels left.
You knew the following spells:

 Your Spells              Type           Power      Damage    Failure   Level
a - Pain                  Necr           100%       1d9       1%          1
b - Animate Skeleton      Necr           100%       N/A       1%          1
c - Vampiric Draining     Necr           28%        2d10      1%          3
d - Animate Dead          Necr           28%        N/A       1%          4

Your spell library contained the following spells:

 Spells                   Type           Power      Damage    Failure   Level
 Agony                    Necr           57%        N/A       3%          5
 Slow                     Hex            8%         N/A       9%          2
 Confusing Touch          Hex            8%         N/A       19%         3
 Gell's Gravitas          Tloc           4%         N/A       19%         3
 Lesser Beckoning         Tloc           4%         N/A       19%         3
 Teleport Other           Tloc           8%         N/A       19%         3
 Yara's Violent Unravell  Hex/Tmut       4%         3d4       86%         5


Dungeon Overview and Level Annotations

Branches:
Dungeon (6/15)             Temple (1/1) D:4

Altars:
Ashenzari
Cheibriados
Dithmenos
Elyvilon
Fedhas
Gozag
Hepliaklqana
Kikubaaqudgha
Makhleb
Nemelex Xobeh
Qazlal
Ru
Sif Muna
Trog
Uskayaw
Vehumet
Wu Jian
Xom
Yredelemnul
Zin
The Shining One

Shops:
D:1 :   D:2 (   D:4 *

Annotations:
D:3 2 transporters, Gorgoleon's ghost, amateur KoHu


Innate Abilities, Weirdness & Mutations

You have sharp toenails.
Your flesh is heat resistant. (rF+)


Message History

* * * LOW HITPOINT WARNING * * *
The sky beast flickers out of sight!
Deactivating autopickup; reactivate with Ctrl-A.
Something hits you but does no damage.
You feel much better. The gnoll sergeant barely misses you.
A sky beast appears from thin air!
Reactivating autopickup.
The sky beast closely misses you.
Casting: Vampiric Draining (safe; 1% risk of failure)
Confirm with . or Enter, or press ? or * to list all spells.
Aiming: Vampiric Draining (safe; 1% risk of failure)
Press: ? - help, Shift-Dir - straight line, f/p - gnoll
Aim: a gnoll, wielding a +0 whip (severely wounded)
You draw life force from the gnoll.
You kill the gnoll!
Vehumet accepts your kill.
You feel life coursing into your body.
The gnoll sergeant hits you from afar with a +0 spear!
The sky beast flickers out of sight!
Deactivating autopickup; reactivate with Ctrl-A.
Something hits you.
* * * LOW HITPOINT WARNING * * *
Something shocks you.
* * * LOW HITPOINT WARNING * * *
Casting: Vampiric Draining (safe; 1% risk of failure)
Confirm with . or Enter, or press ? or * to list all spells.
Aiming: Vampiric Draining (safe; 1% risk of failure)
Press: ? - help, Shift-Dir - straight line You draw life force from something!
You feel life coursing into your body.
The gnoll sergeant hits you but does no damage.
Something hits you.
* * * LOW HITPOINT WARNING * * *
Something shocks you.
* * * LOW HITPOINT WARNING * * *
The gnoll sergeant hits you from afar with a +0 spear.
* * * LOW HITPOINT WARNING * * *
Something hits you.
* * * LOW HITPOINT WARNING * * *
Something shocks you.
You die...

####### #..)@)#
#...{........
.....
#.$.[ng.......
....
..>............
...
......(........
...
...............
#.#
.!.............
#.#
...............
####.##.....


You could see a necrophage and a gnoll sergeant.

Vanquished Creatures
  3 ogres
  A phantom (D:3)
  A bullfrog (D:6)
  A scorpion (D:5)
  A water moccasin skeleton (D:5)
  A howler monkey (D:3)
  A jelly (D:5)
  3 orc priests
  A hound (D:6)
  Terence (D:3)
  Jessica (D:3)
  2 iguanas (D:5)
  Natasha (twice) (D:3)
  3 orc wizards
  A killer bee zombie (D:5)
  10 gnolls
  4 adders
  An ufetubus (D:4)
  A worm (D:2)
  A dart slug (D:3)
  10 orcs
  3 endoplasms
  2 giant cockroaches
  5 goblins
  5 hobgoblins
  11 jackals
  7 kobolds
  4 quokkas
  4 ball pythons
  10 bats
  3 frilled lizards
  A jackal skeleton (D:4)
  3 rats
108 creatures vanquished.

Vanquished Creatures (collateral kills)
  A gnoll shaman (D:4)
  2 orc wizards
  3 gnolls (D:4)
  An adder (D:4)
  A worm (D:2)
  2 orcs
  A jackal (D:3)
11 creatures vanquished.

Vanquished Creatures (others)
  2 fungi (D:1)
  2 plants (D:1)
4 creatures vanquished.

Grand Total: 123 creatures vanquished

Notes
Turn   | Place    | Note
-------+----------+-------------------------------------------
     0 | D:1      | hawla the Deep Elf Necromancer began the quest for the Orb.
     0 | D:1      | Reached XP level 1. HP: 10/10 MP: 6/6
   373 | D:1      | Reached skill level 5 in Necromancy
   373 | D:1      | Reached XP level 2. HP: 9/16 MP: 2/8
   505 | D:1      | Found a faded altar of an unknown god.
  1377 | D:1      | Found Reef's Book Shop.
  1413 | D:1      | Reached XP level 3. HP: 18/20 MP: 6/9
  1418 | D:1      | Reached skill level 1 in Fighting
  1421 | D:1      | Learned a level 1 spell: Animate Skeleton
  1859 | D:2      | Identified a scroll of acquirement
  1859 | D:2      | Acquired the amulet "Gymeinol" {Regen+ Int+5}
  2308 | D:2      | Found Hokank's Weapon Shoppe.
  2373 | D:2      | Found a bloodstained altar of Trog.
  2446 | D:2      | Reached XP level 4. HP: 25/25 MP: 7/10
  2696 | D:2      | Learned a level 3 spell: Vampiric Draining
  2781 | D:3      | Noticed Terence
  2787 | D:3      | Killed Terence
  2788 | D:3      | Reached skill level 1 in Staves
  2788 | D:3      | Reached skill level 6 in Necromancy
  2904 | D:3      | Reached XP level 5. HP: 30/30 MP: 5/11
  3036 | D:3      | Found a transporter.
  3050 | D:3      | Noticed Gorgoleon's ghost (amateur KoHu)
  3074 | D:3      | Found a broken altar of Ashenzari.
  3095 | D:3      | Found a transporter.
  3477 | D:3      | Noticed Jessica
  3485 | D:3      | Killed Jessica
  3486 | D:3      | Reached skill level 7 in Necromancy
  3510 | D:3      | Noticed Natasha
  3515 | D:3      | Killed Natasha
  3613 | D:3      | Noticed Natasha
  3626 | D:3      | Killed Natasha
  3647 | D:3      | Noticed a phantom
  3706 | D:3      | Killed a phantom
  3707 | D:3      | Reached skill level 8 in Necromancy
  3707 | D:3      | Reached XP level 6. HP: 33/35 MP: 12/12
  3966 | D:3      | Found an ancient bone altar of Kikubaaqudgha.
  4319 | D:4      | Found Zeacvits's Elemental Accessories.
  4743 | D:4      | Learned a level 4 spell: Animate Dead
  4849 | D:4      | Found a staircase to the Ecumenical Temple.
  4874 | Temple   | Entered the Ecumenical Temple
  5083 | D:3      | Reached XP level 7. HP: 32/40 MP: 5/14
  5341 | D:4      | Reached skill level 1 in Evocations
  5640 | D:4      | Found a glowing silver altar of Zin.
  5640 | D:4      | Found a radiant altar of Vehumet.
  5641 | D:4      | Found a burning altar of Makhleb.
  5661 | D:4      | Became a worshipper of Vehumet
  5702 | D:5      | Entered Level 5 of the Dungeon
  5707 | D:5      | Found an opulent altar of Gozag.
  5744 | D:5      | Reached skill level 5 in Spellcasting
  5993 | D:5      | Reached skill level 9 in Necromancy
  6154 | D:5      | Reached XP level 8. HP: 44/44 MP: 10/18
  6630 | D:6      | Gained mutation: Your flesh is heat resistant. (rF+)
                  | [potion of mutation]
  6630 | D:6      | Gained mutation: You have sharp toenails. [potion of
                  | mutation]
  7019 | D:6      | HP: 2/44 [gnoll sergeant (13)]
  7023 | D:6      | Slain by a sky beast

Illustrated notes

Levels and vault maps discovered:
D:1:      dpeg_arrival_simpleton_c, layout_loops_ring,
          shapermc_ecumenical_altar_mp_ritualfount, serial_shops,
          nicolae_shop_trees, amcnicky_mini_pool_small
D:2:      layout_loops_cross, basic_altar, serial_shops,
          nicolae_shop_competitors_out_of_business
D:3:      layout_basic, kiku_gazebo_garden_becter, nicolae_ashenzari_skybound,
          gammafunk_ghost_stat_death, minmay_misc_feat_x, uniq_natasha,
          uniq_terence, uniq_jessica
D:4:      layout_gridville, gammafunk_temple_overflow_claw,
          minmay_temple_entry_mist, nicolae_elemental_shop, grunt_ministairs_9
D:5:      layout_loops_ring, grunt_gozag_statues, nicolae_underground_beach
D:6:      layout_rooms
Temple:   minmay_freezing_vapour_temple

Skill      XL: |  1  2  3  4  5  6  7  8 |
---------------+-------------------------+-----
Necromancy     | 5 6 8 9 |  9.4
Stealth        | 3 4 |  4.6
Dodging        | 3 4 |  4.2
Fighting       | 1 2 |  2.2
Staves         | 1 |  1.9
Spellcasting   | 5 6 |  6.0
Evocations     | 1 |  1.5

Action                   |  1- 3 |  4- 6 |  7- 9 || total
-------------------------+-------+-------+-------++-------
Melee: Unarmed           |     1 |    10 |       ||    11
       Staff             |       |   136 |    63 ||   199
       Kick              |       |       |     2 ||     2
 Cast: Pain              |    77 |    69 |    46 ||   192
       Animate Skeleton  |     2 |    18 |     3 ||    23
       Vampiric Draining |       |    11 |    25 ||    36
       Animate Dead      |       |       |     7 ||     7
Evoke: Wand              |       |     7 |     2 ||     9
  Use: Scroll            |     2 |     2 |     7 ||    11
       Potion            |       |     6 |     4 ||    10
 Stab: Paralysed         |       |    22 |       ||    22
       Distracted        |       |     2 |       ||     2
       Sleeping          |       |     3 |     3 ||     6
Armor: Robe              |    13 |    30 |    28 ||    71
       Skin              |       |    71 |       ||    71
Dodge: Dodged            |    28 |   165 |    95 ||   288
